 Dungeon Crawl Stone Soup version 0.25-a0-340-ga1faa1601d (webtiles) character file.

Game seed: 9950965131858477228, levelgen mode: classic

476 Borgoz the Cudgeler (level 7, -13/44 HPs)
             Began as a Gargoyle Fighter on Dec 30, 2019.
             Mangled by an ogre
             ... wielding a +0 giant spiked club
              (16 damage)
             ... on level 5 of the Dungeon.
             The game lasted 00:03:09 (2182 turns).

Borgoz the Cudgeler (Gargoyle Fighter)              Turns: 2182, Time: 00:03:11

Health: -13/44     AC: 12    Str: 20    XL:     7   Next: 10%
Magic:  7/7        EV:  7    Int:  8    God:
Gold:   175        SH:  9    Dex: 11    Spells: 6/6 levels left

rFire    . . .     SeeInvis .   a - +0 flail
rCold    . . .     Gourm    .   c - +0 shield
rNeg     + . .     Faith    +   h - +0 scale mail
rPois    ∞         Spirit   .   (no helmet)
rElec    +         Reflect  .   k - scarf {cloud immunity}
rCorr    .         Harm     .   (no gloves)
MR       .....                  (no boots)
Stlth    ..........             p - amulet of faith
HPRegen  0.14/turn              (no ring)
MPRegen  0.10/turn              (no ring)

@: very slightly contaminated, invisible (expiring)
A: negative energy resistance 1, electricity resistance, unbreathing,
petrification resistance, rot immunity, AC +4
a: no special abilities


You were on level 5 of the Dungeon.
You were not hungry.

You visited 1 branch of the dungeon, and saw 5 of its levels.

You collected 175 gold pieces.

Inventory:

Hand Weapons
 a - a +0 flail (weapon)
 b - a +0 mace of holy wrath
Armour
 c - a +0 shield (worn)
 h - a +0 scale mail (worn)
 k - a scarf of cloud immunity (worn)
Jewellery
 p - an amulet of faith (around neck)
Scrolls
 i - a scroll of enchant armour {unknown}
 m - 4 scrolls of remove curse {unknown}
 o - a scroll of noise {unknown}
 q - a scroll of teleportation {unknown}
 s - a scroll of immolation {unknown}
 t - a scroll of magic mapping {unknown}
Potions
 d - 3 potions of might
 e - 5 potions of curing
 g - a potion of resistance
 j - 2 potions of mutation
 l - a potion of invisibility
Comestibles
 f - 6 rations
 r - a chunk of flesh


   Skills:
 + Level 5.1 Fighting
 * Level 5.4 Maces & Flails
 + Level 5.1 Armour
 - Level 3.2 Shields


You had 6 spell levels left.
You didn't know any spells.
Your spell library was empty.

Dungeon Overview and Level Annotations

Branches:
Dungeon (5/15)
 Temple: D:4-7

Altars:


Innate Abilities, Weirdness & Mutations

You are resistant to torment.
Your stone body is resilient. (AC +4)
You are immune to poison.
You resist negative energy. (rN+)
You are resistant to electric shocks. (rElec)
You can survive without breathing.
You are immune to petrification.
You are immune to rotting.


Message History

Unknown command.
You feel much better. You block the hound skeleton's attack.
The orc misses you. The orc barely misses you.
The ogre hits you with a +0 giant club!
* * * LOW HITPOINT WARNING * * *
The hound skeleton bites you but does no damage.
Unknown command.
You see here a +0 dagger.
There is a stone staircase leading down here.
You hear the slow rusting of a very distant drain.
You block the ogre's attack.
You climb downwards.
A quokka skeleton comes into view.
You flicker for a moment.
Found 19 stones.
Found a stone staircase leading up.
There is a stone staircase leading up here.
You sock the ogre!
The ogre is moderately wounded.
The ogre hits you with a +0 giant spiked club!
You die...

# . #.#####....
#..@.....Z.
#..O.......
.........<..#
........###....
###.#...# ###
#.#...# . .....
. .##.##


You could see an ogre and a quokka skeleton (wandering).

Vanquished Creatures
  Grinder (D:3)
  An ogre (D:4)
  A howler monkey (D:4)
  An orc priest (D:4)
  3 adders
  An ooze (D:3)
  2 worms
  2 dart slugs
  3 leopard geckos
  6 orcs
  8 giant cockroaches
  7 goblins
  3 hobgoblins
  10 jackals
  A quokka (D:3)
  3 ball pythons
  4 bats
  7 frilled lizards
  6 kobolds
  5 rats
75 creatures vanquished.

Notes
Turn   | Place    | Note
-------+----------+-------------------------------------------
     0 | D:1      | Borgoz the Gargoyle Fighter began the quest for the Orb.
     0 | D:1      | Reached XP level 1. HP: 14/14 MP: 1/1
   207 | D:1      | Reached XP level 2. HP: 17/19 MP: 2/2
   425 | D:1      | Reached XP level 3. HP: 7/23 MP: 3/3
  1059 | D:2      | Reached XP level 4. HP: 29/29 MP: 4/4
  1561 | D:3      | Noticed Grinder
  1586 | D:3      | Paralysed by Grinder for 2 turns
  1597 | D:3      | Paralysed by Grinder for 7 turns
  1611 | D:3      | Killed Grinder
  1611 | D:3      | Reached XP level 5. HP: 17/34 MP: 5/5
  1611 | D:3      | Reached XP level 6. HP: 19/39 MP: 6/6
  2007 | D:3      | Found a faded altar of an unknown god.
  2155 | D:4      | Reached skill level 5 in Maces & Flails
  2169 | D:4      | Reached skill level 5 in Fighting
  2169 | D:4      | Reached skill level 5 in Armour
  2169 | D:4      | Reached XP level 7. HP: 24/44 MP: 7/7
  2176 | D:4      | HP: 2/44 [ogre/+0 giant club (16)]
  2181 | D:5      | Entered Level 5 of the Dungeon
  2182 | D:5      | Mangled by an ogre

Levels and vault maps discovered:
D:1:      dpeg_arrival_court, layout_rooms
D:2:      layout_loops_ring, minmay_misc_feat_cross
D:3:      layout_rooms, chequers_ecumenical_altar_twisty, first_ration,
          minmay_misc_feat_chi, uniq_grinder
D:4:      kennysheep_spiral_hall, layout_layer_cave,
          cheibrodos_sewer_entry_sluice
D:5:      kb_forest_paths, layout_basic, nicolae_ashenzari_panopticon,
          uniq_prince_ribbit1

Skill      XL: |  1  2  3  4  5  6 |
---------------+-------------------+-----
Maces & Flails | 3 4 5 |  5.4
Armour         | 4 5 |  5.1
Fighting       | 4 5 |  5.1
Shields        | |  3.2

Action                   |  1- 3 |  4- 6 |  7- 9 || total
-------------------------+-------+-------+-------++-------
Melee: Flail             |   207 |   166 |     7 ||   380
  Use: Scroll            |     3 |     2 |       ||     5
       Potion            |       |     1 |     1 ||     2
 Stab: Invisible         |       |     3 |       ||     3
  Eat: Chunk             |     1 |     4 |       ||     5
Armor: Scale mail        |   151 |   106 |     5 ||   262
Dodge: Dodged            |    99 |    82 |     7 ||   188
Block: Shield            |   137 |   103 |     8 ||   248

Table legend:
 A = Non-vault XP
 B = Vault XP
 C = Vault XP percentage of total XP
 D = Non-vault monster count
 E = Vault monster count
 F = Vault count percentage of total count
                 A         B        C        D         E       F
            +---------+---------+-------+---------+---------+-------
      Total |     390 |     290 |  42.6 |      74 |       1 |   1.3
            +---------+---------+-------+---------+---------+-------
        D:1 |      35 |       0 |   0.0 |      20 |       0 |   0.0
        D:2 |      80 |       0 |   0.0 |      29 |       0 |   0.0
        D:3 |      62 |     290 |  82.4 |      21 |       1 |   4.5
        D:4 |     213 |       0 |   0.0 |       4 |       0 |   0.0
            +---------+---------+-------+---------+---------+-------
